Map: Orbital Shipyard

Players

State

  • Race: Protoss Protoss
  • League: Grandmaster

aLive - Winner!

  • Race: Terran Terran
  • League: Grandmaster

VOD

Have the link to the VOD?

Description

Time

  • Played on: Nov. 25, 2015, 1:36 a.m.
  • Length: 11:28
Show
View Real Time Build Order
Export as new Build Order

State Protoss 

Build Orders: 1 Gate Expand 

Get SALT Encoding   

  12  0:01  Probe (Chrono Boost)  
  13  0:11  Probe (Chrono Boost)  
  14  0:18  Pylon  
  14  0:22  Probe (Chrono Boost)  
  15  0:37  Probe (Chrono Boost)  
  15  0:38  Gateway  
  15  0:42  Assimilator  
  16  0:47  Probe (Chrono Boost)  
  17  0:58  Probe (Chrono Boost)  
  18  1:08  Probe (Chrono Boost)  
  19  1:18  Nexus  
  19  1:22  Probe (Chrono Boost)  
  20  1:32  Cybernetics Core  
  20  1:35  Probe (Chrono Boost)  
  21  1:40  Assimilator  
  21  1:45  Probe (Chrono Boost)  
  22  1:49  Pylon  
  22  1:56  Probe (Chrono Boost)  
  23  2:09  Mothership Core (Chrono Boost), Adept  
  27  2:18  Warp Gate  
  27  2:27  Probe (Chrono Boost)  
  27  2:31  Probe (Chrono Boost)  
  27  2:36  Adept  
  30  2:38  Probe (Chrono Boost)  
  30  2:41  Probe (Chrono Boost)  
  32  2:48  Probe (Chrono Boost), Robotics Facility  
  33  2:52  Probe (Chrono Boost)  
  34  2:59  Probe (Chrono Boost)  
  34  3:02  Probe (Chrono Boost)  
  34  3:04  Adept  
  38  3:09  Probe (Chrono Boost)  
  39  3:13  Probe (Chrono Boost)  
  39  3:17  Pylon  
  40  3:20  Probe (Chrono Boost)  
  40  3:22  Gateway  
  40  3:26  Probe (Chrono Boost), Gateway  
  42  3:30  Probe (Chrono Boost)  
  43  3:34  Twilight Council  
  43  3:36  Probe (Chrono Boost), Observer (Chrono Boost)  
  43  3:41  Probe (Chrono Boost)  
  46  3:44  Adept  
  46  3:47  Probe  
  48  3:49  Pylon  
  48  3:53  Probe  
  50  3:57  Probe  
  50  4:01  Assimilator  
  51  4:03  Warp Prism (Chrono Boost)  
  51  4:05  Probe, Assimilator  
  51  4:08  Probe  
  55  4:11  Resonating Glaives (Chrono Boost)  
  55  4:17  Probe, Dark Shrine  
  55  4:21  Probe  
  57  4:28  Forge  
  57  4:29  Gateway  
  57  4:31  Probe  
  59  4:43  Probe  
  59  4:45  Pylon  
  59  4:46  Probe  
  59  4:47  Pylon  
  59  4:49  Observer  
  61  4:59  Protoss Ground Armor Level 1 (Chrono Boost)  
  61  5:02  Probe  
  61  5:03  Probe  
  58  5:14  Probe  
  58  5:15  Probe  
  60  5:26  Probe  
  60  5:27  Probe  
  61  5:39  Immortal  
  67  5:48  Dark Templar x2  
  69  5:51  Nexus  
  69  5:53  Pylon  
  67  6:00  Probe x2  
  65  6:12  Probe  
  65  6:13  Probe, Pylon  
  65  6:18  Immortal (Chrono Boost)  
  65  6:23  Sentry x3  
  73  6:28  Photon Cannon  
  73  6:31  Gateway, Protoss Ground Armor Level 2  
  73  6:32  Gateway  
  73  6:33  Gateway  
  73  6:40  Sentry  
  73  6:49  Sentry  
  73  6:50  Adept x2  
  79  6:55  Pylon x2  
  79  7:01  Immortal (Chrono Boost)  
  83  7:04  Probe x2  
  86  7:16  Probe x2  
  86  7:18  Pylon  
  86  7:19  Probe  
  88  7:24  Adept x4  
  88  7:28  Probe x2  
  88  7:29  Probe  
  93  7:46  Adept x2  
  93  7:47  Adept x2  
  93  7:49  Probe x2  
  99  7:55  Adept  
  96  8:02  Probe x3  
  91  8:13  Probe, Observer (Chrono Boost)  
  91  8:14  Probe x2  
  94  8:22  Stalker x5, Assimilator  
  94  8:23  Assimilator  
  104  8:30  Pylon  
  104  8:32  Observer (Chrono Boost), Pylon  
  105  8:35  Probe  
  105  8:36  Probe x2  
  106  8:46  Stalker x5  
  106  8:48  Probe x3  
  121  8:56  Immortal (Chrono Boost)  
  121  9:00  Probe  
  124  9:05  Photon Cannon  
  123  9:10  Adept  
  123  9:12  Adept x3  
  116  9:28  Probe  
  116  9:29  Photon Cannon  
  116  9:31  Adept x2  
  107  9:34  Mothership Core  
  107  9:35  Adept x3  
  107  9:36  Probe  
  115  9:40  Probe  
  112  9:46  Probe  
  112  9:51  Twilight Council  
  112  9:52  Probe  
  108  9:53  Adept  
  108  9:55  Probe  
  108  9:57  Probe  
  102  10:04  Probe  
  102  10:07  Probe  
  102  10:08  Probe  
  104  10:16  Probe  
  104  10:18  Probe  
  104  10:19  Probe  
  107  10:26  Sentry  
  109  10:28  Probe  
  109  10:32  Archon, Robotics Facility  
  109  10:33  Robotics Bay, Archon  
  110  10:36  Stalker x3  
  110  10:37  Stalker  
  110  10:40  Observer (Chrono Boost)  
  118  10:51  Stalker  
  120  10:59  Adept x4  
  88  11:15  Adept  
  90  11:20  Dark Templar x4  
Show
View Real Time Build Order
Export as new Build Order

aLive Terran - Winner!

Build Orders: Command Center First (CC), MMM Bio 

Get SALT Encoding   

  12  0:00  SCV  
  13  0:13  SCV  
  14  0:18  Supply Depot  
  14  0:25  SCV  
  15  0:39  SCV  
  16  0:51  SCV  
  17  1:00  Command Center  
  17  1:05  SCV  
  18  1:13  Barracks  
  18  1:17  SCV  
  19  1:21  Refinery  
  19  1:29  SCV  
  20  1:41  SCV  
  21  1:53  SCV  
  22  2:00  Marine  
  23  2:05  Orbital Command  
  23  2:12  Orbital Command  
  23  2:18  Marine  
  24  2:25  Factory  
  24  2:26  Refinery  
  24  2:31  SCV  
  25  2:39  SCV  
  25  2:40  Barracks Reactor  
  25  2:43  SCV  
  27  2:53  SCV, Barracks  
  27  2:54  Barracks  
  27  2:55  SCV  
  29  3:00  Supply Depot  
  29  3:07  SCV x2, Bunker  
  29  3:10  Starport  
  31  3:14  Widow Mine  
  31  3:16  Marine  
  31  3:18  Marine  
  35  3:22  SCV x2  
  37  3:34  Supply Depot, SCV x2  
  37  3:36  Marine  
  37  3:37  Marine  
  41  3:42  Barracks Tech Lab  
  41  3:43  Widow Mine  
  41  3:46  Medivac  
  45  3:48  SCV  
  46  3:58  Marine x2  
  46  3:59  Supply Depot, Marine  
  46  4:01  Marine  
  46  4:02  Stimpack  
  50  4:03  SCV  
  50  4:04  SCV  
  50  4:08  Engineering Bay  
  52  4:11  Refinery  
  52  4:16  Viking  
  54  4:22  Marine x4  
  58  4:25  Factory Reactor  
  58  4:26  SCV x2  
  58  4:30  Supply Depot  
  60  4:34  Supply Depot  
  60  4:38  Terran Infantry Weapons Level 1  
  60  4:39  Supply Depot  
  60  4:40  SCV  
  60  4:41  SCV  
  60  4:43  Barracks Tech Lab  
  62  4:51  Marine x3  
  65  4:54  SCV  
  65  4:55  SCV  
  67  5:08  Marauder  
  67  5:12  Marine x2  
  69  5:18  Marauder  
  71  5:21  Medivac x2  
  71  5:23  SCV  
  71  5:24  SCV  
  71  5:28  Refinery  
  77  5:33  Combat Shields, Marine x2  
  77  5:35  Factory Reactor  
  77  5:39  Command Center, Supply Depot  
  77  5:41  Supply Depot, SCV  
  77  5:42  SCV  
  79  5:50  Missile Turret  
  79  5:53  Marauder x2, Marine x2  
  79  5:59  Missile Turret  
  79  6:02  Concussive Shells  
  72  6:04  SCV x2  
  72  6:10  Marine x2  
  74  6:14  Marine  
  74  6:15  Marauder  
  77  6:23  Command Center  
  77  6:29  SCV x2  
  81  6:32  Marauder  
  81  6:35  Medivac x2, Widow Mine x2  
  81  6:36  Marauder  
  91  6:44  SCV x2  
  93  6:54  Supply Depot x2  
  93  6:55  Supply Depot  
  93  7:02  Marine  
  93  7:06  Terran Infantry Armor Level 1  
  94  7:12  SCV, Marine x3  
  94  7:13  SCV  
  99  7:22  Barracks x2  
  100  7:37  SCV x2  
  99  7:49  Marine  
  99  7:50  Marauder x2, Marine  
  99  7:52  SCV x2  
  88  8:04  SCV x2  
  86  8:12  Marine  
  86  8:13  Marauder x2, Widow Mine x2, Marine  
  86  8:14  Barracks Reactor, Medivac x2  
  86  8:15  Barracks Tech Lab  
  86  8:19  Orbital Command  
  98  8:29  Liberator x2  
  98  8:32  Armory, Engineering Bay  
  98  8:36  Marauder, Marine x2  
  98  8:37  Marauder x2  
  98  8:40  Orbital Command  
  104  8:47  Widow Mine x2  
  114  8:52  Marine x2  
  114  8:59  Marine  
  114  9:00  Marauder x2, Marine  
  114  9:01  Marauder  
  122  9:20  Marine x3  
  117  9:33  Marauder x3, Marine  
  117  9:35  SCV x3  
  126  9:47  Marine x3  
  126  9:48  Medivac, Widow Mine x2  
  126  9:49  Medivac  
  127  10:02  Marauder  
  127  10:03  Marauder x2  
  127  10:06  Barracks  
  129  10:07  Barracks  
  129  10:13  Refinery, Missile Turret  
  129  10:14  Refinery  
  129  10:17  Supply Depot  
  129  10:21  Supply Depot x2  
  129  10:23  Marine x4  
  133  10:30  Medivac x2  
  137  10:41  Marauder x3, Widow Mine x2  
  138  11:08  Marine x4  
  138  11:09  Barracks Reactor, Barracks Tech Lab  
Tags
 
Add a new tag
Caveats
  • Supply blocks, unpowered buildings, or Contaminate may cause inaccurate times.
  • Supply counts are checked every 10 seconds.